 Dungeon Crawl Stone Soup version 0.31-a0-845-g9abc20d (webtiles) character file.

Game seed: 9065932847033107857

57 Meow the Digger (level 4, 36/36 HPs)
             Began as a Naga Earth Elementalist on Oct 1, 2023.
             Quit the game on level 2 of the Dungeon.
             The game lasted 00:04:45 (1261 turns).

Meow the Digger (Naga Earth Elementalist)           Turns: 1261, Time: 00:04:45

Health: 36/36      AC:  2    Str: 11    XL:     4   Next: 0%
Magic:  8/8        EV:  9    Int: 17    God:
Gold:   56         SH:  0    Dex: 11    Spells: 4/8 levels left

rFire   . . .        a - +2 sling (drain)
rCold   . . .        (no shield)
rNeg    . . .        c - +0 robe
rPois   +            (no helmet)
rElec   .            (no cloak)
rCorr   .            (no gloves)
SInv    +            (no barding)
Will    .....        (no amulet)
Stlth   ++           (no ring)
HPRegen 0.26/turn    (no ring)
MPRegen 0.11/turn

%: no passive effects
@: very slow
A: AC +1, large, see invisible, deformed body, poison resistance, slowness 2,
spit poison 1, naga tail 1
a: Spit Poison


You were on level 2 of the Dungeon.
You visited 1 branch of the dungeon, and saw 2 of its levels.

You collected 56 gold pieces.

Inventory:

Hand Weapons
 a - a +2 sling of draining (weapon)
 m - a +0 hand axe
Missiles
 h - 3 javelins
 n - 3 poisoned darts
 p - 18 stones
Armour
 c - a +0 robe (worn)
Scrolls
 d - a scroll of teleportation {unknown}
 e - 6 scrolls of poison {unknown}
 f - a scroll of enchant weapon {unknown}
 g - a scroll of vulnerability {unknown}
 i - a scroll of summoning {unknown}
 j - a scroll of immolation {unknown}
 k - a scroll of acquirement {unknown}
 l - a scroll of identify {unknown}
Potions
 b - a potion of magic
 o - 2 potions of invisibility {unknown}
 q - 2 potions of curing {unknown}


   Skills:
 - Level 1.5 Dodging
 - Level 3.0 Stealth
 + Level 2.7 Spellcasting
 + Level 1.7 Conjurations
 - Level 1.0 Transmutations
 + Level 3.6 Earth Magic


You had 4 spell levels left.
You knew the following spells:

 Your Spells              Type           Power      Damage    Failure   Level
a - Sandblast             Erth           28%        2d8       4%          1
A - Stone Arrow           Conj/Erth      22%        3d8       19%         3

Your spell library contained the following spells:

 Spells                   Type           Power      Damage    Failure   Level
 Passwall                 Tmut/Erth      8%         N/A       11%         2
 Gell's Gravitas          Tloc           2%         N/A       47%         3
 Teleport Other           Tloc           2%         N/A       47%         3
 Brom's Barrelling Bould  Conj/Erth      11%        2d3       52%         4
 Petrify                  Tmut/Erth      10%        N/A       56%         4
 Dispersal                Tloc           1%         N/A       100%        6


Dungeon Overview and Level Annotations

Branches:
Dungeon (2/15)

Altars:

Shops:
D:1 [


Innate Abilities, Weirdness & Mutations

Your serpentine skin is tough. (AC +1)
You have supernaturally acute eyesight. (SInv)
Armour fits poorly on your strangely shaped body.
Your system is resistant to poisons. (rPois)
You cover ground very slowly.
You can spit poison.
You have a snake-like lower body.


Message History

Aiming: Sandblast (safe; 4% risk of failure)
Press: ? - help, Shift-Dir - straight line, f/p - adder
Aim: an adder (severely wounded, poisoned, 70% to hit)
The blast of sand hits the adder!
You kill the adder!
You have got your breath back.
Okay, then.
Found a stone staircase leading up.
Found a stone staircase leading down.
There is a stone staircase leading down here.
Found a hand axe.
Found a dagger.
A frilled lizard comes into view.
Found 6 stones and 2 scrolls labelled NOLUQAUCOX.
A frilled lizard is nearby!
Aiming: Spit Poison (2% risk of failure)
Press: ? - help, Shift-Dir - straight line, f - frilled lizard
Aim: a frilled lizard (asleep, 100% to hit)
The splash of poison hits the frilled lizard.
The frilled lizard is poisoned.
You kill the frilled lizard!
Unknown command.
You have got your breath back.
p - 11 stones (gained 6)
e - 6 scrolls labelled NOLUQAUCOX (gained 2)
You pick up a There-And-Back Book and begin reading...
You add the spells Gell's Gravitas, Teleport Other and Dispersal to your library.
q - 2 sedimented blue potions (gained 1)
p - 18 stones (gained 7)
A bat comes into view.
Aiming: Spit Poison (2% risk of failure)
Press: ? - help, Shift-Dir - straight line, f - bat
Aim: a bat (asleep, 100% to hit)
The splash of poison hits the bat.
The bat is poisoned.
You kill the bat!
You have reached level 4!
You feel stronger.
You have got your breath back.
Found a stone staircase leading down.
Are you sure you want to abandon this character and quit the game? (Confirm with "yes".)

#.#####... ####.##......
#........#... #.#..........
#.#.........# ###############
#.#.....†.#.# #..............#
#.#..#......# #..##....##.##.#
#.#..##...†.. #..##....##.##@#
#.........#.#
#........##.##...>####.....†...
#..##...###.#####.# #######...
#.......###.# # #...
###...........# #...
#......######## #... #.#.##.#
#######... #.#.##.# ##.........
#...##.# ###..........


There were no monsters in sight!

Vanquished Creatures
  An adder (D:2)
  A dart slug (D:1)
  9 bats
  5 endoplasms
  2 giant cockroaches (D:2)
  4 goblins
  4 hobgoblins
  4 jackals
  2 quokkas
  2 ball pythons (D:1)
  5 frilled lizards
  A kobold (D:1)
  A rat (D:1)
41 creatures vanquished.

Notes
Turn   | Place    | Note
-------+----------+-------------------------------------------
     0 | D:1      | Meow the Naga Earth Elementalist began the quest for the
                  | Orb.
     0 | D:1      | Reached XP level 1. HP: 15/15 MP: 3/3
   146 | D:1      | Reached XP level 2. HP: 22/22 MP: 5/5
   244 | D:1      | Found Yfaroips's Armour Boutique.
   266 | D:1      | Reached skill level 1 in Conjurations
   393 | D:1      | Reached XP level 3. HP: 28/28 MP: 6/6
   397 | D:1      | Learned a level 3 spell: Stone Arrow
   496 | D:1      | Found a faded altar of an unknown god.
  1252 | D:2      | Reached XP level 4. HP: 36/36 MP: 8/8
  1261 | D:2      | Quit the game

Illustrated notes

Levels and vault maps discovered:
D:1:      eino_arrival_water_cross, layout_basic,
          hellmonk_ecumenical_altar_crossroads, serial_forest,
          infiniplex_forest_zigzag_1, infiniplex_forest_clump_curved,
          infiniplex_forest_clump_diagonal, infiniplex_forest_lined_ring,
          infiniplex_forest_lined_room_, infiniplex_forest_lined_2,
          infiniplex_forest_clump_medium, serial_shops, shop
D:2:      layout_loops_cross, serial_bayou_pond_e

Skill      XL: |  1  2 |
---------------+-------+-----
Conjurations   | 1 |  1.7
Dodging        | |  1.5
Stealth        | |  3.0
Spellcasting   | |  2.7
Transmutations | |  1.0
Earth Magic    | |  3.6

Action                     |  1- 3 |  4- 6 || total
---------------------------+-------+-------++-------
  Melee: Hand axe          |     1 |       ||     1
   Fire: Sling             |    10 |       ||    10
   Cast: Sandblast         |    24 |       ||    24
Ability: Spit Poison       |    31 |       ||    31
 Armour: Robe              |    12 |       ||    12
  Dodge: Dodged            |    14 |       ||    14

Table legend: (Time is in decaauts)
 A = Elapsed time spent in this place.
 B = Non-inter-level travel time spent in this place.
 C = Inter-level travel time spent in this place.
 D = Time resting spent in this place.
 E = Time spent auto-exploring this place.
 F = Levels seen in this place.
 G = Mean time per level.
                   A        B        C        D        E       F      G
               +--------+--------+--------+--------+--------+-----+--------+
         Total |   1683 |   1665 |     18 |    136 |   1234 |   2 |  841.5 |
       Dungeon |   1683 |   1665 |     18 |    136 |   1234 |   2 |  841.5 |
               +--------+--------+--------+--------+--------+-----+--------+

Top non-repeatable levels by time:
     D:1: 1019 daAuts
     D:2: 663 daAuts
